 Dungeon Crawl Stone Soup version 0.25.0-33-gff14898491 (webtiles) character file.

Game seed: 10434010281356100045

306445 protoss039 the Sorcerer (level 20, -8/175 HPs)
             Began as a Deep Elf Earth Elementalist on July 7, 2020.
             Was the Champion of Vehumet.
             Shot with a bolt by a yaktaur captain (34 damage)
             ... on level 2 of the Vaults.
             The game lasted 04:55:06 (63559 turns).

protoss039 the Sorcerer (DEEE)                     Turns: 63559, Time: 04:55:07

Health: -8/175     AC: 30    Str:  5    XL:     20   Next: 30%
Magic:  11/48      EV:  2    Int: 30    God:    Vehumet [******]
Gold:   1636       SH:  0    Dex: 15    Spells: 3/63 levels left

rFire    . . .     SeeInvis .   z - +4 dagger "Xyurecoi" {vorpal, +Fly rElec}
rCold    . . .     Gourm    .   B - +5 kite shield
rNeg     + + +     Faith    .   (armour currently unavailable)
rPois    +         Spirit   .   (helmet currently unavailable)
rElec    +         Reflect  +   (cloak currently unavailable)
rCorr    .         Harm     .   (gloves currently unavailable)
MR       +++..     NoTele   +   (boots currently unavailable)
Stlth    +.........             Y - amulet of reflection
HPRegen  0.39/turn              V - ring of protection from magic
MPRegen  0.31/turn              h - ring of positive energy

@: confused, tree-form, studying Conjurations
A: no striking features
}: 2/15 runes: decaying, serpentine
a: Renounce Religion


You were on level 2 of the Vaults.
You worshipped Vehumet.
Vehumet was exalted by your worship.
You were very hungry.
You were a tree.
You visited 7 branches of the dungeon, and saw 34 of its levels.
You visited 1 bazaar.
You also visited: Volcano and Desolation.

You collected 3468 gold pieces.
You spent 1832 gold pieces at shops.

Inventory:

Hand Weapons
 k - the +5 hunting sling "Omoariby" {freeze, Int+3}
   (You found it on level 2 of the Vaults)

   It causes projectiles fired from it to freeze those they strike, causing
   extra injury to most foes and up to half again as much damage against
   particularly susceptible opponents.
   They can also slow down cold-blooded creatures.
   It affects your intelligence (+3).
 z - the +4 dagger "Xyurecoi" (weapon) {vorpal, +Fly rElec}
   (You found it on level 8 of the Dungeon)

   It inflicts extra damage upon your enemies.
   It insulates you from electricity.
   It lets you fly.
Missiles
 b - 630 stones (quivered)
Armour
 r - the +2 pair of boots "Ege Mojo" (melded) {Harm rPois rCorr Int-4}
   (You found it on level 5 of the Lair of Beasts)

   It affects your intelligence (-4).
   It protects you from poison.
   It provides partial protection from all sources of acid and corrosion.
   It increases damage dealt and taken.
 y - the +6 leather armour of the Sacrificial Victim (melded) {Dex+5}
   (You found it on level 4 of the Dungeon)

   It affects your dexterity (+5).
 B - a +5 kite shield (worn)
 N - the cursed +0 cloak of the Solstice (melded) {rC+}
   (You found it on level 1 of the Vaults)

   It protects you from cold.
   It has a curse placed upon it.
 O - a +0 pair of gloves (melded)
 S - a +2 hat of see invisible (melded)
Magical Staves
 F - an uncursed staff of earth
Jewellery
 h - a ring of positive energy (right branch)
 l - an uncursed amulet of regeneration
 t - an uncursed ring of protection from fire
 H - an uncursed ring of magical power
 I - an uncursed ring of protection from cold
 K - an uncursed ring of magical power
 V - a ring of protection from magic (left branch)
 Y - an amulet of reflection (around neck)
Wands
 g - a wand of digging (17)
 m - a wand of polymorph (38)
 J - a wand of paralysis (23)
 L - a wand of clouds (18)
 T - a wand of acid (16)
Scrolls
 e - 4 scrolls of amnesia
 f - 6 scrolls of enchant armour
 j - 14 scrolls of teleportation
 p - 9 scrolls of remove curse
 q - 5 scrolls of magic mapping
 s - 3 scrolls of enchant weapon
 w - a scroll of brand weapon
 A - 2 scrolls of fog
 C - 3 scrolls of holy word
 E - a scroll of identify
 Q - a scroll of summoning
 U - 2 scrolls of blinking
 X - a scroll of fear
Potions
 a - 6 potions of might
 c - 5 potions of flight
 i - 5 potions of haste
 n - 5 potions of mutation
 o - 3 potions of cancellation
 u - 4 potions of stabbing
 v - 2 potions of heal wounds
 x - 4 potions of lignification
 D - 2 potions of curing
 M - 4 potions of resistance
 P - a potion of magic
 R - 7 potions of brilliance
 Z - a potion of ambrosia
Books
 W - a manual of Conjurations
Comestibles
 d - 38 rations


   Skills:
 * Level 9.9 Fighting
 - Level 6.0 Armour
 - Level 3.0 Dodging
 * Level 6.7 Stealth
 - Level 15.0 Shields
 + Level 22.4 Spellcasting
 - Level 11.0 Conjurations
 - Level 2.0 Transmutations
 - Level 2.0 Fire Magic
 - Level 2.0 Ice Magic
 - Level 2.0 Air Magic
 + Level 21.3 Earth Magic


You had 3 spell levels left.
You knew the following spells:

 Your Spells              Type           Power        Failure   Level  Hunger
a - Sandblast             Erth           ######       0%          1    None
b - Passwall              Tmut/Erth      #######.     0%          2    None
c - Stone Arrow           Conj/Erth      ######       0%          3    None
d - Petrify               Tmut/Erth      #######.     1%          4    None
e - Lee's Rapid Deconstr  Erth           ########..   0%          5    None
f - Absolute Zero         Ice            #####.....   100%        9    ######.
g - Conjure Flame         Conj/Fire      ######..     1%          3    None
h - Orb of Destruction    Conj           #######...   2%          7    ##.....
i - Shatter               Erth           ########..   4%          9    ######.
j - Iron Shot             Conj/Erth      #######...   1%          6    None
k - Lehudib's Crystal Sp  Conj/Erth      #######...   2%          8    ####...
l - Mephitic Cloud        Conj/Pois/Air  ######..     1%          3    None

Your spell library contained the following spells:

 Spells                   Type           Power        Failure   Level  Hunger
 Chain Lightning          Conj/Air       ######....   71%         8    ####...
 Fire Storm               Conj/Fire      ######....   100%        9    ######.
 Magic Dart               Conj           ####         0%          1    None
 Searing Ray              Conj           ######       0%          2    None
 Animate Skeleton         Necr           N/A          1%          1    None
 Beastly Appendage        Tmut           #####.       1%          1    None
 Pain                     Necr           ####         1%          1    None
 Blink                    Tloc           N/A          1%          2    None
 Poisonous Vapours        Pois/Air       #####.       1%          2    None
 Shroud of Golubria       Chrm/Tloc      ####..       1%          2    None
 Sticks to Snakes         Tmut           #####...     1%          2    None
 Sublimation of Blood     Necr           ####......   1%          2    None
 Dazzling Flash           Conj/Hex       ######       1%          3    None
 Spider Form              Tmut/Pois      #####.....   1%          3    None
 Static Discharge         Conj/Air       ######..     1%          3    None
 Gell's Gravitas          Tloc           ####......   3%          3    None
 Lesser Beckoning         Tloc           ####......   3%          3    None
 Recall                   Summ/Tloc      N/A          3%          3    None
 Teleport Other           Tloc           ####....     3%          3    None
 Vampiric Draining        Necr           ####......   3%          3    None
 Fulminant Prism          Conj/Hex       ######....   1%          4    None
 Iskenderun's Mystic Bla  Conj/Tloc      ######..     1%          4    None
 Borgnjor's Vile Clutch   Necr/Erth      #######...   1%          5    None
 Lightning Bolt           Conj/Air       ######....   1%          5    None
 Ice Form                 Ice/Tmut       #####...     4%          4    None
 Yara's Violent Unravell  Hex/Tmut       #####.....   5%          5    None
 Freezing Cloud           Conj/Ice/Air   ######....   5%          6    None
 Animate Dead             Necr           N/A          10%         4    None
 Cause Fear               Hex            ####......   10%         4    None
 Passage of Golubria      Tloc           N/A          10%         4    None
 Blade Hands              Tmut           #####.....   12%         5    None
 Silence                  Hex/Air        #####.....   19%         5    None
 Agony                    Necr           ####....     26%         5    None
 Excruciating Wounds      Chrm/Necr      ####......   26%         5    None
 Simulacrum               Ice/Necr       #####.....   69%         6    None
 Death Channel            Necr           ####......   83%         6    None
 Ring of Flames           Chrm/Fire      #####.....   99%         7    ##.....
 Ignition                 Fire           #####.....   99%         8    ####...
 Discord                  Hex            ####......   100%        8    ####...
 Tornado                  Air            #####.....   100%        9    ######.


Dungeon Overview and Level Annotations

Branches:
Dungeon (15/15)            Temple (1/1) D:7            Lair (6/6) D:10
  Swamp (4/4) Lair:4        Snake (4/4) Lair:2        Slime (0/5) Lair:5
    Orc (2/2) D:9             Elf (0/3) Orc:2        Vaults (2/5) D:14
  Crypt (0/3) Vaults:2     Depths (0/5) D:15        Volcano (visited)
Desolation (visited)

Altars:
Ashenzari
Cheibriados
Dithmenos
Elyvilon
Fedhas
Gozag
Hepliaklqana
Kikubaaqudgha
Makhleb
Nemelex Xobeh
Okawaru
Qazlal
Ru
Sif Muna
Trog
Uskayaw
Vehumet
Wu Jian
Xom
Yredelemnul
Zin
The Shining One
Beogh

Shops:
D:6 *   Orc:2 :[?!

Portals:
Pandemonium: Orc:2

Annotations:
D:3 1 exclusion
D:4 1 exclusion
D:5 1 exclusion
D:6 1 exclusion
D:7 3 exclusions
D:8 1 exclusion
D:9 3 exclusions
D:10 3 exclusions
D:11 1 exclusion
D:12 1 exclusion, Jorgrun
D:13 1 exclusion
D:14 7 exclusions
Lair:2 3 exclusions
Lair:5 1 exclusion
Swamp:2 4 exclusions
Swamp:3 6 exclusions
Snake:1 3 exclusions
Snake:3 1 exclusion
Orc:2 1 exclusion
Vaults:1 exclusions: 3 doors and 2 more exclusions
Vaults:2 exclusion: door


Message History

Really quaff the potion of lignification?
You turn into a tree.
The cursed +0 cloak of the Solstice {rC+} melds into your body.
Your +2 hat of see invisible melds into your body.
Your +0 pair of gloves melds into your body.
The +2 pair of boots "Ege Mojo" {Harm rPois rCorr Int-4} melds into your body.
The +6 leather armour of the Sacrificial Victim {Dex+5} melds into your body.
You feel less perceptive.
Your roots penetrate the ground.
Unknown command.
You are confused.
You feel invigorated.
The yaktaur captain shoots a bolt.
The bolt hits you!
* * * LOW HITPOINT WARNING * * *
Unknown command.
Unknown command.
Unknown command.
You cannot move. (Use ctrl+direction or * direction to attack without moving.) Unknown command.
Unknown command.
The yaktaur captain shoots a bolt.
The bolt hits you!!
You die...

,,,,* #.........# #. ,,,,*
#.........# #. ,,,,*
#....(....# #. ,,,,*
##'############## #. ,,,,*
#......# #.....###.
*************#......#
#......##.
,,,,*,,,,,,,*#......#
#.......#.
,,,,*,,,,,,,*#......#
#.<.....#.
,,,,*,,,*,,,*#..♣...#
#.......'.
,,,,*,,*,*,,*#...(..#
#......##.
,,,,*,,,*,,,*#......#
#.....###.
,,,,*,,,,,,,*#.....(#
####### #.
,,,,*,,,,,,,*#.....c# ###
,,,,,********######'#*****
#..
****,,,,,,,,*,,,,,...,,,,*
#.#
*,,,,,,,,+,,,cc)...,,,*
#.#
*,,,,,,,,*,,,.))....,,*
#.#


You could see a yaktaur captain.

Vanquished Creatures
  Saint Roka (Orc:2)
  The ghost of Anosyof the Impaler, an adept CeHu of Okawaru (Vaults:1)
  Asterion (Snake:4)
  A sphinx (Vaults:1)
  2 thorn hunters
  6 nagarajas
  2 storm dragons
  7 vault wardens
  Louise (D:15)
  2 imperial myrmidons (Desolation)
  An orc warlord (Orc:2)
  6 ironheart preservers
  3 stone giants
  A vampire knight (Vaults:2)
  A deep elf demonologist (Vaults:1)
  Nessos (Lair:5)
  A halazid warlock (Desolation)
  A deep elf death mage (Vaults:1)
  2 ettins
  4 ragged hierophants (Desolation)
  4 crystal guardians (Desolation)
  Josephine (D:11)
  4 yaktaur captains
  The ghost of p0werm0de the Pandemonic, a journeyman DDFi of Makhleb (Orc:2)
  2 fire dragons (Vaults:1)
  Harold (D:7)
  16 naga warriors
  An ice dragon (Vaults:1)
  5 vault guards
  2 rakshasas (Vaults:1)
  7 peacekeepers (Desolation)
  3 ghost crabs (Swamp:3)
  5 servants of whispers (Desolation)
  A catoblepas (Lair:1)
  24 hydras
  15 anacondas
  2 shambling mangroves
  24 two-headed ogres
  7 centaur warriors
  5 ogre magi
  10 orc high priests (Orc:2)
  4 death yaks
  3 tengu warriors
  12 alligators
  A deep troll shaman (Vaults:1)
  9 naga sharpshooters
  A hell knight (D:15)
  6 shock serpents
  Urug (D:11)
  4 deep elf knights
  A sixfirhy (Orc:2)
  2 unseen horrors (Vaults:1)
  A wizard (Vaults:1)
  3 salamander mystics
  2 skeletal warriors
  2 torturous demonspawn (Orc:2)
  4 spriggan druids
  7 deep trolls
  15 swamp dragons
  An infernal demonspawn (Orc:2)
  8 naga ritualists
  7 ironbrand convokers
  2 deep elf archers (Vaults:1)
  2 harpies (shapeshifter) (Vaults:1)
  2 necromancers
  Pikel (D:4)
  15 orc knights
  10 ugly things
  5 orc sorcerers
  8 cyclopes
  4 wolf spiders
  5 deep elf magi
  2 cyclopes (shapeshifter) (Vaults:1)
  9 mana vipers
  14 salamanders
  An oklob plant (Snake:4)
  2 manticores (D:14)
  36 black mambas
  7 guardian serpents
  Maurice (Orc:2)
  19 elephants
  23 naga magi
  20 spiny frogs
  A torpor snail (shapeshifter) (Vaults:1)
  A molten gargoyle (Desolation)
  3 vault sentinels (Vaults:1)
  An orange demon (Orc:2)
  A torpor snail (Lair:6)
  A centaur zombie (D:11)
  A kobold demonologist (D:10)
  2 freezing wraiths
  6 komodo dragons
  A rime drake (shapeshifter) (Vaults:1)
  7 yaktaurs (Vaults:2)
  2 ice devils (Lair:3)
  A komodo dragon (shapeshifter) (Vaults:1)
  8 rime drakes
  10 trolls
  5 tyrant leeches
  A wind drake (shapeshifter) (D:15)
  Grinder (D:4)
  21 hornets
  5 polar bears
  A sphinx simulacrum (Vaults:2)
  12 blink frogs
  8 bog bodies
  An ettin zombie (Vaults:2)
  34 slime creatures
  10 hippogriffs
  6 dream sheep (Lair:6)
  41 saltlings (Desolation)
  A snapping turtle (shapeshifter) (Vaults:2)
  A centaur simulacrum (D:15)
  20 spriggans
  4 shadows
  3 wyverns
  A ynoxinul (Orc:2)
  A spriggan (shapeshifter) (Vaults:1)
  7 wraiths
  6 basilisks
  11 yaks
  A hog (shapeshifter) (Vaults:1)
  A neqoxec (Orc:2)
  A hog (D:8)
  3 hungry ghosts
  7 humans
  21 vampire mosquitoes
  13 wargs
  13 swamp worms
  A soldier ant (D:13)
  An acid dragon (Vaults:1)
  13 insubstantial wisps
  65 nagas
  19 water moccasins
  57 orc warriors
  5 porcupines
  13 swamp drakes
  3 ice beasts
  3 sky beasts
  3 slaves (D:4)
  4 black bears
  A necrophage (D:8)
  An eye of draining (shapeshifter) (D:14)
  A wolf (shapeshifter) (Vaults:1)
  21 centaurs
  A human skeleton (Vaults:2)
  24 ogres
  4 boggarts (Lair:6)
  40 wolves
  14 crocodiles
  13 big kobolds
  25 bullfrogs
  2 gnoll sergeants
  A glowing shapeshifter simulacrum (Vaults:1)
  4 scorpions
  8 howler monkeys
  2 electric eels
  9 wights
  9 crimson imps
  A bullfrog zombie (D:13)
  2 yaktaur simulacra
  A quasit (D:6)
  32 orc priests
  5 centaur skeletons
  9 hounds
  5 jellies
  28 orc wizards
  2 bullfrog skeletons
  3 iguanas
  13 worker ants
  A hound skeleton (D:5)
  23 adders
  8 gnolls
  5 shadow imps
  An ooze (D:1)
  4 adder skeletons
  3 worms
  2 dart slugs
  3 leopard geckos
  104 orcs
  12 bats
  7 giant cockroaches
  3 goblins
  2 hobgoblins (D:3)
  4 jackals
  14 kobolds
  2 quokkas
  3 ball pythons (Snake:3)
  3 frilled lizards
  A leopard gecko zombie (D:7)
  2 rats
  3 fungi
  7 pillars of salt (Vaults:2)
1459 creatures vanquished.

Vanquished Creatures (others)
  A red draconian (Volcano)
  A vault guard (D:14)
  A quokka (D:5)
  25 fungi
  2 pillars of salt (Vaults:2)
  23 plants
53 creatures vanquished.

Grand Total: 1512 creatures vanquished

Notes
Turn   | Place    | Note
-------+----------+-------------------------------------------
     0 | D:1      | protoss039 the Deep Elf Earth Elementalist began the quest
                  | for the Orb.
     0 | D:1      | Reached XP level 1. HP: 10/10 MP: 6/6
   420 | D:1      | Reached XP level 2. HP: 15/15 MP: 6/8
  1167 | D:2      | Learned a level 2 spell: Passwall
  1635 | D:2      | Reached XP level 3. HP: 12/19 MP: 3/10
  1869 | D:2      | Found a bloodstained altar of Trog.
  1949 | D:2      | Reached skill level 4 in Spellcasting
  1949 | D:2      | Reached XP level 4. HP: 11/24 MP: 6/12
  2258 | D:3      | Found a basalt altar of Yredelemnul.
  2280 | D:3      | Reached skill level 1 in Armour
  2437 | D:3      | Reached XP level 5. HP: 14/28 MP: 10/13
  3484 | D:4      | Learned a level 3 spell: Stone Arrow
  3617 | D:4      | Noticed a slave
  3618 | D:4      | Noticed a slave
  3618 | D:4      | Noticed a slave
  3619 | D:4      | Noticed Pikel
  3619 | D:4      | Noticed a slave
  3637 | D:4      | Killed a slave
  4129 | D:4      | Killed a slave
  4677 | D:4      | Killed a slave
  5025 | D:4      | Killed Pikel
  5025 | D:4      | Reached skill level 1 in Fighting
  5025 | D:4      | Reached skill level 6 in Spellcasting
  5025 | D:4      | Reached skill level 1 in Conjurations
  5025 | D:4      | Reached skill level 5 in Earth Magic
  5025 | D:4      | Reached XP level 6. HP: 16/34 MP: 1/17
  5025 | D:4      | Reached XP level 7. HP: 18/38 MP: 1/18
  5450 | D:4      | Noticed Grinder
  5533 | D:4      | Killed Grinder
  5533 | D:4      | Reached skill level 7 in Spellcasting
  5552 | D:4      | Got a warped leather armour
  5575 | D:4      | Identified the +6 leather armour of the Sacrificial Victim
                  | {Dex+5} (You found it on level 4 of the Dungeon)
  5764 | D:5      | Entered Level 5 of the Dungeon
  5988 | D:5      | Reached XP level 8. HP: 40/43 MP: 2/21
  6225 | D:5      | Found a white marble altar of Elyvilon.
  6374 | D:5      | Got a transparent leather armour
  6385 | D:5      | Identified the +0 leather armour of the Minstrel {rN++ MR+}
                  | (You found it on level 5 of the Dungeon)
  6708 | D:5      | Learned a level 4 spell: Petrify
  6714 | D:5      | Learned a level 5 spell: Lee's Rapid Deconstruction
  6715 | D:6      | Found a hazy altar of Hepliaklqana.
  6715 | D:6      | Found a shattered altar of Ashenzari.
  6799 | D:6      | Reached skill level 8 in Spellcasting
  6800 | D:6      | Found Bawnaox's Assorted Antiques.
  7505 | D:6      | Reached skill level 9 in Spellcasting
  7791 | D:6      | Reached XP level 9. HP: 47/47 MP: 17/24
  8615 | D:7      | Found a staircase to the Ecumenical Temple.
  8637 | Temple   | Entered the Ecumenical Temple
  8743 | Temple   | Became a worshipper of Vehumet
  8978 | D:7      | Noticed Harold
  8988 | D:7      | Killed Harold
  8988 | D:7      | Reached skill level 5 in Armour
  8988 | D:7      | Reached skill level 10 in Spellcasting
  9332 | D:7      | Reached skill level 11 in Spellcasting
  9780 | D:8      | Got a fading dagger
  9781 | D:8      | Identified the +4 dagger "Xyurecoi" {vorpal, +Fly rElec}
                  | (You found it on level 8 of the Dungeon)
  9861 | D:8      | Reached * piety under Vehumet
  9861 | D:8      | Offered knowledge of Freeze by Vehumet.
  9864 | D:8      | Reached XP level 10. HP: 53/53 MP: 2/27
 10715 | D:8      | Reached skill level 12 in Spellcasting
 11241 | D:9      | Found a staircase to the Orcish Mines.
 11271 | D:9      | Reached skill level 1 in Shields
 11271 | D:9      | Reached skill level 10 in Earth Magic
 11441 | D:9      | Reached ** piety under Vehumet
 11468 | D:9      | Offered knowledge of Foxfire by Vehumet.
 11589 | D:9      | Found an ancient bone altar of Kikubaaqudgha.
 11927 | D:9      | Noticed a two-headed ogre
 11931 | D:9      | Killed a two-headed ogre
 11931 | D:9      | Reached skill level 13 in Spellcasting
 12068 | D:10     | Entered Level 10 of the Dungeon
 12492 | D:10     | Reached XP level 11. HP: 57/57 MP: 17/30
 12657 | D:10     | Offered knowledge of Mephitic Cloud by Vehumet.
 13005 | D:10     | Found a staircase to the Lair.
 13166 | D:10     | Reached *** piety under Vehumet
 13527 | D:11     | Noticed a two-headed ogre
 13534 | D:11     | Killed a two-headed ogre
 13629 | D:11     | Noticed a two-headed ogre
 13632 | D:11     | Killed a two-headed ogre
 13632 | D:11     | Reached skill level 14 in Spellcasting
 13652 | D:11     | Offered knowledge of Conjure Flame by Vehumet.
 13754 | D:11     | Noticed a two-headed ogre
 13766 | D:11     | Killed a two-headed ogre
 14118 | D:11     | Found a shimmering altar of Xom.
 14444 | D:11     | Noticed Urug
 14450 | D:11     | Killed Urug
 14601 | D:11     | Noticed Josephine
 14612 | D:11     | Killed Josephine
 14636 | D:11     | Reached **** piety under Vehumet
 14636 | D:11     | Reached skill level 15 in Spellcasting
 14894 | D:11     | Offered knowledge of Frozen Ramparts by Vehumet.
 14899 | D:11     | Learned a level 3 spell: Frozen Ramparts
 15031 | D:11     | Noticed a six-headed hydra
 15041 | D:11     | Killed a six-headed hydra
 15041 | D:11     | Reached XP level 12. HP: 64/64 MP: 20/33
 16126 | D:12     | Noticed Jorgrun
 16576 | D:13     | Noticed a tengu warrior
 16638 | D:13     | Noticed a tengu warrior
 17228 | D:13     | Reached skill level 16 in Spellcasting
 17422 | D:13     | Killed a tengu warrior
 17422 | D:13     | Reached skill level 5 in Shields
 17422 | D:13     | Noticed a tengu warrior
 17452 | D:13     | Killed a tengu warrior
 18095 | D:14     | Noticed a centaur warrior
 18097 | D:14     | Killed a centaur warrior
 18200 | D:14     | Killed a vault guard
 18490 | D:14     | Found a shattered altar of Ashenzari.
 18639 | D:14     | Reached ***** piety under Vehumet
 19026 | D:13     | Offered knowledge of Irradiate by Vehumet.
 19550 | D:14     | Noticed a vault guard
 19556 | D:14     | Reached skill level 17 in Spellcasting
 19562 | D:14     | Noticed a vault guard
 19566 | D:14     | Killed a vault guard
 19572 | D:14     | Noticed a vault guard
 19620 | D:14     | Killed a vault guard
 19620 | D:14     | Reached XP level 13. HP: 47/68 MP: 0/36
 19830 | D:14     | Found a gate to the Vaults.
 20064 | D:15     | Entered Level 15 of the Dungeon
 20835 | D:15     | Noticed Louise
 21279 | Lair:1   | Entered Level 1 of the Lair of Beasts
 21354 | Lair:1   | Reached skill level 15 in Earth Magic
 21548 | Lair:1   | Reached skill level 18 in Spellcasting
 22220 | Lair:1   | Offered knowledge of Starburst by Vehumet.
 22733 | Lair:1   | Reached XP level 14. HP: 76/76 MP: 10/38
 23737 | Lair:2   | Found a staircase to the Snake Pit.
 23782 | Lair:2   | Reached skill level 1 in Ice Magic
 25583 | Lair:3   | You fall into a shaft and drop 2 floors!
 25598 | Lair:5   | Learned a level 3 spell: Mephitic Cloud
 25662 | Lair:5   | Found a staircase to the Slime Pits.
 25681 | Lair:5   | Found a dark tunnel.
 25731 | Volcano  | Entered a volcano
 25753 | Volcano  | Paralysed by an ogre mage for 3 turns
 26005 | Volcano  | Found a bloodstained altar of Trog.
 26513 | Lair:5   | Noticed Nessos
 26532 | Lair:5   | Killed Nessos
 27370 | Lair:4   | Found a staircase to the Swamp.
 27436 | Lair:4   | Offered knowledge of Yara's Violent Unravelling by Vehumet.
 28280 | Lair:3   | Reached skill level 19 in Spellcasting
 28280 | Lair:3   | Reached skill level 5 in Fighting
 28698 | Lair:3   | Found an iron altar of Okawaru.
 29084 | Lair:6   | Entered Level 6 of the Lair of Beasts
 29793 | Lair:6   | Reached XP level 15. HP: 82/82 MP: 1/40
 31465 | Lair:6   | Offered knowledge of Orb of Destruction by Vehumet.
 31485 | Lair:6   | Learned a level 7 spell: Orb of Destruction
 31898 | Orc:1    | Entered Level 1 of the Orcish Mines
 32250 | Orc:2    | Entered Level 2 of the Orcish Mines
 32423 | Orc:2    | Found a runed translucent gate.
 32424 | Orc:2    | Found a runed translucent gate.
 32425 | Orc:2    | Found a runed translucent gate.
 32427 | Orc:2    | Noticed p0werm0de's ghost (journeyman DDFi)
 32429 | Orc:2    | Identified the +7 bardiche "Hankeog" {protect, Int+2}
 32435 | Orc:2    | Identified the cursed +1 plate armour "Secwo" {rC- MR+
                  | Int+3}
 32720 | Orc:2    | Found a staircase to the Elven Halls.
 32767 | Orc:2    | Learned a level 9 spell: Shatter
 33002 | Orc:2    | Reached skill level 1 in Air Magic
 33128 | Orc:2    | Found Uzxiebus's Magic Scroll Shop.
 33128 | Orc:2    | Noticed Maurice
 33133 | Orc:2    | Killed Maurice
 33147 | Orc:2    | Offered knowledge of Iron Shot by Vehumet.
 33615 | Orc:2    | Noticed Saint Roka
 33837 | Orc:2    | Learned a level 6 spell: Iron Shot
 34085 | Orc:2    | Found Oliodos's Distillery.
 34239 | Orc:2    | Bought a scroll of identify for 30 gold pieces
 34692 | Orc:2    | Reached skill level 5 in Conjurations
 34934 | Orc:2    | Found Jadaroqi's Book Emporium.
 34934 | Orc:2    | Found Doodd's Antique Armour Shoppe.
 34938 | Orc:2    | Reached skill level 20 in Spellcasting
 35112 | Orc:2    | Found a one-way gate leading to the halls of Pandemonium.
 35117 | Orc:2    | Bought a crude leather armour for 168 gold pieces
 35478 | Orc:2    | Identified the +0 leather armour of the Pits of Slime
                  | {*Drain Str+2 Stlth+} (You bought it in a shop on level 2
                  | of the Orcish Mines)
 36179 | Orc:2    | Found a roughly hewn altar of Beogh.
 36219 | Orc:1    | Noticed an orc warlord
 36670 | Orc:2    | Killed an orc warlord
 37821 | Orc:2    | Bought a potion of curing for 36 gold pieces
 37821 | Orc:2    | Bought a potion of heal wounds for 60 gold pieces
 37823 | Orc:2    | Bought a scroll of magic mapping for 52 gold pieces
 37823 | Orc:2    | Bought a scroll of teleportation for 45 gold pieces
 37823 | Orc:2    | Bought a scroll of teleportation for 45 gold pieces
 37823 | Orc:2    | Bought a scroll of identify for 30 gold pieces
 37823 | Orc:2    | Bought a scroll of magic mapping for 52 gold pieces
 37823 | Orc:2    | Bought a scroll of identify for 30 gold pieces
 37823 | Orc:2    | Bought a scroll of magic mapping for 52 gold pieces
 37823 | Orc:2    | Bought a scroll of blinking for 112 gold pieces
 37893 | Orc:2    | Killed p0werm0de's ghost
 38306 | Orc:2    | Offered knowledge of Bolt of Magma by Vehumet.
 38579 | D:15     | Killed Louise
 38595 | D:15     | Reached XP level 16. HP: 90/90 MP: 19/42
 39569 | D:15     | Found a staircase to the Depths.
 40153 | Swamp:1  | Entered Level 1 of the Swamp
 42082 | Swamp:2  | Offered knowledge of Lehudib's Crystal Spear by Vehumet.
 42094 | Swamp:2  | Learned a level 8 spell: Lehudib's Crystal Spear
 42841 | Swamp:3  | Noticed a thorn hunter
 43464 | Swamp:3  | Killed a thorn hunter
 43548 | Swamp:3  | HP: 4/92 [something (23)]
 44641 | Swamp:4  | Entered Level 4 of the Swamp
 45251 | Swamp:4  | Reached XP level 17. HP: 96/96 MP: 43/43
 45769 | Swamp:4  | Reached skill level 21 in Spellcasting
 47997 | Swamp:4  | Got a decaying rune of Zot
 48460 | Lair:5   | Got a pair of ichor-stained boots
 48471 | Lair:5   | Identified the +2 pair of boots "Ege Mojo" {Harm rPois
                  | rCorr Int-4} (You found it on level 5 of the Lair of
                  | Beasts)
 48566 | Snake:1  | Entered Level 1 of the Snake Pit
 48593 | Snake:1  | Found a flickering gateway to a bazaar.
 48613 | Bazaar   | Entered a bazaar
 48613 | Bazaar   | Found Metakh's Gadget Emporium.
 48696 | Bazaar   | Found Kawo's Weapon Shoppe.
 48718 | Bazaar   | Found Dodwywiu's Distillery.
 48725 | Bazaar   | Found Bedeclac's Gadget Boutique.
 48760 | Bazaar   | Bought a potion of curing for 21 gold pieces
 48760 | Bazaar   | Bought a potion of lignification for 21 gold pieces
 48760 | Bazaar   | Bought a potion of lignification for 21 gold pieces
 48760 | Bazaar   | Bought a potion of might for 28 gold pieces
 48760 | Bazaar   | Bought a potion of heal wounds for 35 gold pieces
 48760 | Bazaar   | Bought a potion of lignification for 21 gold pieces
 48760 | Bazaar   | Bought a potion of mutation for 56 gold pieces
 48760 | Bazaar   | Bought a potion of heal wounds for 35 gold pieces
 48831 | Bazaar   | Bought a wand of digging (5) for 126 gold pieces
 48831 | Bazaar   | Bought a wand of digging (6) for 140 gold pieces
 48831 | Bazaar   | Bought a wand of digging (4) for 112 gold pieces
 50017 | Snake:2  | Reached skill level 10 in Conjurations
 51198 | Snake:3  | Found a basalt altar of Yredelemnul.
 51784 | Snake:3  | Reached ****** piety under Vehumet
 51897 | Snake:3  | Reached XP level 18. HP: 103/103 MP: 20/45
 52022 | Snake:3  | Reached skill level 5 in Stealth
 52481 | Snake:3  | Identified a scroll of acquirement
 52744 | Snake:3  | Reached skill level 10 in Shields
 53192 | Snake:3  | Offered knowledge of Fire Storm by Vehumet.
 53192 | Snake:3  | Offered knowledge of Chain Lightning by Vehumet.
 53192 | Snake:3  | Offered knowledge of Absolute Zero by Vehumet.
 53504 | Snake:4  | Entered Level 4 of the Snake Pit
 53509 | Snake:4  | Noticed Asterion
 53514 | Snake:4  | Killed Asterion
 53628 | Snake:4  | Reached skill level 22 in Spellcasting
 54427 | Snake:4  | Found an opulent altar of Gozag.
 56175 | Snake:4  | Got a serpentine rune of Zot
 56489 | Orc:2    | Bought a potion of resistance for 120 gold pieces
 56489 | Orc:2    | Bought a potion of haste for 120 gold pieces
 56489 | Orc:2    | Bought a potion of mutation for 96 gold pieces
 56489 | Orc:2    | Bought a potion of brilliance for 48 gold pieces
 56489 | Orc:2    | Bought a potion of haste for 120 gold pieces
 56502 | Orc:2    | Killed Saint Roka
 56745 | Vaults:1 | Entered Level 1 of the Vaults
 57058 | Vaults:1 | Reached XP level 19. HP: 108/108 MP: 28/47
 57172 | Vaults:1 | Learned a level 9 spell: Absolute Zero
 57403 | Vaults:1 | Noticed Anosyof's ghost (adept CeHu)
 57404 | Vaults:1 | Found a runed translucent gate.
 57405 | Vaults:1 | Found a runed translucent gate.
 57405 | Vaults:1 | Found a runed translucent gate.
 59161 | Vaults:1 | Killed Anosyof's ghost
 59181 | Vaults:1 | Got a warped cloak
 59196 | Vaults:1 | Identified the cursed +0 cloak of the Solstice {rC+} (You
                  | found it on level 1 of the Vaults)
 59438 | Vaults:2 | Found a staircase to the Crypt.
 59473 | Vaults:2 | Found a ruined gateway.
 59510 | Desolati | Entered the Desolation of Salt
 60636 | Desolati | Found the +3 robe of Folly {Archmagi, MR-- Int+5}
 60647 | Desolati | Got a vibrating turquoise ring
 60649 | Desolati | Identified the ring "Ucagoci" {Fire Str+3 Int+4} (You found
                  | it in the Desolation of Salt)
 60658 | Desolati | Identified the +6 ring mail of Xamef Agetuts {rElec rPois
                  | rCorr Dex-4}
 60679 | Desolati | Reached skill level 15 in Shields
 61494 | Desolati | Got a polished quarterstaff
 61525 | Desolati | Lost strength.
 61525 | Desolati | Identified the +4 quarterstaff "Winousk" {pain, MR+ Str-5
                  | SInv} (You found it in the Desolation of Salt)
 61547 | Desolati | Learned a level 3 spell: Conjure Flame
 61551 | Desolati | Learned a level 3 spell: Mephitic Cloud
 61673 | Desolati | Reached skill level 1 in Fire Magic
 61760 | Desolati | Reached XP level 20. HP: 116/116 MP: 31/48
 62002 | Desolati | Identified the Incunabulum of Evil Snow
 63475 | Vaults:2 | Got an encrusted hunting sling
 63476 | Vaults:2 | Identified the +5 hunting sling "Omoariby" {freeze, Int+3}
                  | (You found it on level 2 of the Vaults)
 63559 | Vaults:2 | Shot with a bolt by a yaktaur captain

Illustrated notes

Levels and vault maps discovered:
D:1:      nicolae_arrival_memento_mori, layout_loops_corners
D:2:      layout_basic, lightli_temple_of_fire
D:3:      kb_forest_paths, layout_basic, yredelemnul_altar_generic
D:4:      layout_basic, minmay_fountain_box, uniq_pikel, uniq_grinder
D:5:      layout_cave_pools, elyvilon_altar_4, first_ration
D:6:      layout_layer_cave, chequers_temple_overflow_statue_of_worship,
          serial_shops, shop
D:7:      layout_rooms, minmay_temple_entry_butterflies, uniq_harold
D:8:      layout_basic, enter_ossuary_5, grunt_livestock
D:9:      layout_basic, nicolae_overflow_crystal_walls, david_orc_2
D:10:     layout_roguey [special_room_kobold], grunt_lair_entry_orc_guard_hut,
          corexii_leaking_fountain, minmay_misc_feat_diagonals
D:11:     layout_gridville, basic_altar, uniq_urug, uniq_josephine
D:12:     layout_loops_ring, minivault_23, uniq_jorgrun
D:13:     layout_irregular_city
D:14:     layout_cave_pods, ximxim_vaults_locker_room,
          hangedman_abyss_or_decor_passed, nicolae_ashenzari_panopticon
D:15:     hangedman_depths_entry_civil_slaughter, layout_rooms,
          grunt_decor_mini_mirrors, uniq_louise
Temple:   lightli_temple_of_artemis
Lair:1:   minmay_lair_venomous_thicket, layout_loops_ring,
          grunt_forest_large_clearings
Lair:2:   layout_gridlike, guppyfry_snake_entry_island, grunt_megastairs_4
Lair:3:   layout_regular_city, basic_altar, portal_ice_cave_demonic_guard,
          kennysheep_catoblepas_arena, grunt_megastairs_3
Lair:4:   layout_roguey, swamp_mist, serial_bayou_shore_a, serial_bayou_shore_b,
          lemuel_fruit_tree
Lair:5:   layout_gridlike, slime_dummy, nicolae_volcano_entry_lava_flow,
          st_stairs_4, uniq_nessos
Lair:6:   minmay_lair_end_enchanted_forest, layout_hall_layers,
          grunt_megastairs_2
Swamp:1:  layout_falls_marsh, evilmike_swamp_ruin_rubble_2, swamp_pool1,
          infiniplex_staircase_pool
Swamp:2:  layout_falls_marsh, evilmike_swamp_ruin_house_1, swamp_pool1
Swamp:3:  layout_basic_swamp, nicolae_swamp_round_clearing, swamp_pool4
Swamp:4:  swamp_alternative, layout_basic_swamp
Snake:1:  layout_chambers, serial_shops, bzr_entry_gold
Snake:2:  layout_misc_corridors
Snake:3:  minmay_snake_river, layout_cave_town, basic_altar
Snake:4:  snake_pit, layout_gridlike, lemuel_oklob_altar, serial_bayou_shore_b,
          uniq_asterion
Orc:1:    layout_caves
Orc:2:    pf_orc_diabolical, layout_diamond_mine, biasface_ghost_orc_armoury,
          uniq_saint_roka, uniq_maurice
Vaults:1: gammafunk_vaults_ghost_split, vaults_room_semicircle,
          nicolae_vaults_twisting_passages, dpeg_vaults_monster_row, v_rooms_6,
          grunt_vaults_hallway_short, nicolae_vaults_alarming,
          vaults_room_semicircle, nicolae_vaults_angled_halls,
          vaults_room_fours, nicolae_vaults_border_crossing,
          layout_vaults_big_room
Vaults:2: minmay_crypt_entry_simple_plaza, dpeg_vaults_waves, v_misc_1,
          vaults_room_hallway, vaults_room_semicircle,
          nicolae_vaults_yaktaur_gun_rack, vaults_room_grid,
          nicolae_vaults_theta, hangedman_vaults_capsules,
          hangedman_vaults_corner, vaults_dpeg_encased_lava,
          ontoclasm_vaults_ligature, nicolae_vaults_little_ls, v_alt_pattern_5,
          vaults_dpeg_hooks, dpeg_vaults_monster_box, layout_vaults_maze,
          portal_desolation_entry_garden

Skill      XL: |  1  2  3  4  5  6  7  8  9 10 11 12 13 14 15 16 17 18 19 20 |
---------------+-------------------------------------------------------------+-----
Dodging        | 3 |  3.0
Stealth        | 3 4 6 |  6.7
Spellcasting   | 4 6 7 9 11 13 15 17 18 19 20 21 22 | 22.4
Earth Magic    | 4 5 6 7 9 10 12 13 15 17 18 19 20 21 | 21.3
Armour         | 1 2 3 4 5 6 |  6.0
Fighting       | 1 2 4 5 6 7 8 9 |  9.9
Conjurations   | 1 2 4 5 8 10 11 | 11.0
Transmutations | 2 |  2.0
Shields        | 2 4 5 6 7 8 9 12 15 | 15.0
Ice Magic      | 2 |  2.0
Air Magic      | 2 |  2.0
Fire Magic     | 1 2 |  2.0

Action                   |  1- 3 |  4- 6 |  7- 9 | 10-12 | 13-15 | 16-18 | 19-21 || total
-------------------------+-------+-------+-------+-------+-------+-------+-------++-------
Melee: Short sword       |    44 |    10 |       |       |       |       |       ||    54
       Trident           |       |    50 |    28 |       |       |       |       ||    78
       Dagger            |       |       |       |    37 |    35 |     5 |    14 ||    91
       Staff             |       |       |       |       |       |     7 |    16 ||    23
 Cast: Sandblast         |    27 |    44 |    36 |    97 |   157 |    38 |    15 ||   414
       Stone Arrow       |       |    17 |   123 |   291 |   466 |   102 |    34 ||  1033
       Petrify           |       |       |     1 |     2 |    15 |    13 |     2 ||    33
       Lee's Rapid Decon |       |       |       |    57 |   254 |    63 |    29 ||   403
       Iron Shot         |       |       |       |       |    27 |   497 |   170 ||   694
       Mephitic Cloud    |       |       |       |       |     3 |       |       ||     3
       Frozen Ramparts   |       |       |       |       |     1 |     1 |       ||     2
       Lehudib's Crystal |       |       |       |       |       |    60 |    71 ||   131
       Orb of Destructio |       |       |       |       |       |    16 |       ||    16
       Shatter           |       |       |       |       |       |       |     2 ||     2
 Abil: Evoke Flight      |       |       |       |       |       |    30 |       ||    30
       Stop Flying       |       |       |       |       |       |    15 |       ||    15
  Use: Potion            |       |     1 |     1 |     3 |    11 |    16 |     3 ||    35
       Scroll            |       |       |    10 |     6 |    24 |    13 |    12 ||    65
 Stab: Sleeping          |     6 |     3 |     1 |       |       |       |       ||    10
       Distracted        |       |       |     1 |       |       |       |       ||     1
       Petrified         |       |       |     1 |       |       |       |       ||     1
  Eat: Chunk             |     3 |     6 |     9 |    31 |    44 |    23 |    28 ||   144
       Ration            |       |     1 |     2 |       |     4 |    18 |     4 ||    29
Armor: Robe              |    16 |       |       |       |       |       |       ||    16
       Leather armour    |     8 |    25 |    23 |    46 |   127 |    68 |    23 ||   320
       Skin              |       |       |       |       |    17 |    13 |       ||    30
Dodge: Dodged            |    54 |    55 |    46 |    98 |   230 |   118 |    31 ||   632
Block: Buckler           |       |       |       |       |    10 |   150 |    76 ||   236
       Reflection        |       |       |       |       |     1 |    41 |    33 ||    75
       Kite shield       |       |       |       |       |       |       |    22 ||    22
